 Dungeon Crawl Stone Soup version 0.21.1-1-g345015fe64 (webtiles) character file.

2651 LisaTheBanana the Basher (level 9, -1/78 HPs)
             Began as a Minotaur Fighter on Apr 8, 2018.
             Was a Priest of Makhleb.
             Slain by a yak (3 damage)
             ... on level 9 of the Dungeon.
             The game lasted 00:32:09 (5704 turns).

LisaTheBanana the Basher (Minotaur Fighter)         Turns: 5704, Time: 00:32:10

Health: -1/78      AC: 16    Str: 23    XL:     9   Next: 36%
Magic:  0/8        EV:  6    Int:  5    God:    Makhleb [***...]
Gold:   423        SH: 11    Dex: 11    Spells: 7/8 levels left

rFire    . . .     SeeInvis .   s - +1 morningstar
rCold    . . .     Gourm    .   c - +0 shield
rNeg     . . .     Faith    .   r - +1 plate armour
rPois    .         Spirit   +   (helmet restricted)
rElec    .         Reflect  .   I - scarf {Spirit}
rCorr    .         Harm     .   e - +0 pair of gloves
MR       .....                  k - +0 pair of boots
Stlth    ..........             J - amulet of rage
HPRegen  0.23/turn              (no ring)
MPRegen  0.11/turn              (no ring)

@: no status effects
A: retaliatory headbutt, horns 2
a: Minor Destruction, Lesser Servant of Makhleb, Renounce Religion, Evoke
Berserk Rage


You were on level 9 of the Dungeon.
You worshipped Makhleb.
Makhleb was most pleased with you.
You were not hungry.

You visited 1 branch of the dungeon, and saw 10 of its levels.
You also visited: Ossuary.

You collected 423 gold pieces.

Inventory:

Hand Weapons
 a - a +0 flail
 s - a +1 morningstar (weapon)
Armour
 b - a +0 scale mail
 c - a +0 shield (worn)
 e - a +0 pair of gloves (worn)
 k - a +0 pair of boots (worn)
 m - a +0 ring mail
 r - a +1 plate armour (worn)
 x - a +2 cloak
 I - a scarf of spirit shield (worn)
Jewellery
 p - a +2 ring of intelligence
 w - an uncursed ring of ice {unknown}
 y - an uncursed ring of flight {unknown}
 J - an amulet of rage (around neck)
Wands
 l - a wand of acid (12)
 z - a wand of random effects (15)
Scrolls
 g - 3 scrolls of teleportation
 h - a scroll of silence {unknown}
 i - 3 scrolls of enchant weapon
 j - 6 scrolls of remove curse
 A - a scroll of amnesia
 E - a scroll of holy word {unknown}
 G - a scroll of identify
 H - a scroll of enchant armour
Potions
 d - 2 potions of might
 n - 2 potions of curing
 o - a potion of berserk rage
 q - a potion of resistance
 t - a potion of ambrosia
 u - 4 potions of cancellation
 B - a potion of degeneration {unknown}
 C - 4 potions of haste
 D - a potion of lignification {unknown}
 F - a potion of flight {unknown}
Books
 v - a book of Minor Magic

   Spells                             Type                      Level
   a - Magic Dart                     Conjuration                  1
   b - Blink                          Translocation                2
   c - Call Imp                       Summoning                    2
   d - Slow                           Hexes                        2
   e - Conjure Flame                  Conjuration/Fire             3
   f - Mephitic Cloud                 Conjuration/Poison/Air       3
Comestibles
 f - 6 rations


   Skills:
 + Level 6.4 Fighting
 + Level 10.9 Maces & Flails
 + Level 6.7 Armour
 + Level 2.1 Dodging
 + Level 0.6 Stealth
 + Level 7.9 Shields


You had 7 spell levels left.
You knew the following spells:

 Your Spells              Type           Power        Failure   Level  Hunger
a - Magic Dart            Conj           #...         100%        1    ##.....


Dungeon Overview and Level Annotations

Branches:
Dungeon (10/15)            Temple (0/1) D:6
   Lair: D:8-11         Orc: D:9-12

Altars:
Cheibriados
Makhleb
Nemelex Xobeh
Qazlal
Wu Jian
The Shining One


Innate Abilities, Weirdness & Mutations

You reflexively headbutt those who attack you in melee.
You have a pair of horns on your head.


Message History

You puncture the yak! Your headbutt misses the yak.
The yak is moderately wounded.
The yak closely misses you. The yak gores you.
* * * LOW HITPOINT WARNING * * *
The orc hits you but does no damage. You block the orc warrior's attack.
The orc priest hits you with a short sword.
* * * LOW HITPOINT WARNING * * *
The yak gores you.
* * * LOW HITPOINT WARNING * * *
The yak barely misses you. You furiously retaliate!
You headbutt the yak!
An orc comes into view.
The orc shouts!
You hit the yak.
The yak is severely wounded.
The yak gores you but does no damage. You block the wight's attack.
You block the orc's attack.
The orc priest hits you but does no damage.
The orc warrior hits you but does no damage.
The yak gores you.
You die...

#.......#
+.......####
#oo........#
#..........#
#..........#
#####...>.......
#.......####...#
#......Y####...#
#.....oY@oz.....
#......Yooz.....
#######.z.......
#........$
#.........
#.........
#######... ...


You could see 3 yaks, an orc warrior, 3 wights, 2 orc priests and 3 orcs.

Vanquished Creatures
  Pikel (D:4)
  A hippogriff (D:7)
  Grinder (D:3)
  2 yaks (D:9)
  A hungry ghost (D:7)
  An ice beast (D:6)
  A phantom (D:5)
  An ogre (D:7)
  2 centaurs
  The ghost of Alannah the Ducker, a weakling DsMo (D:3)
  The ghost of Dargar the Ruffian, a weakling DrTm (D:4)
  2 howler monkeys (D:4)
  2 crimson imps (D:5)
  An orc priest (D:3)
  3 hounds (D:7)
  An iguana (D:4)
  Natasha (thrice) (D:4)
  5 worker ants
  A hound skeleton (D:4)
  12 mummies (Ossuary)
  A howler monkey skeleton (D:4)
  11 adders
  2 shadow imps
  An ooze (D:3)
  4 worms
  2 dart slugs
  3 leopard geckos
  16 orcs
  A ball python (D:3)
  10 giant cockroaches
  9 goblins
  10 hobgoblins
  10 jackals
  A quokka (D:2)
  9 bats
  2 frilled lizards
  A goblin skeleton (Ossuary)
  A kobold (D:2)
  4 kobold skeletons (Ossuary)
  2 orc skeletons (Ossuary)
  A quokka skeleton (D:6)
  4 rats
  11 rat skeletons (Ossuary)
159 creatures vanquished.

Vanquished Creatures (others)
  A slave (D:4)
  A scorpion (D:4)
  An adder skeleton (D:4)
  A worm (D:4)
  A dart slug (D:4)
  A quokka (D:4)
  A goblin skeleton (Ossuary)
7 creatures vanquished.

Grand Total: 166 creatures vanquished

Notes
Turn   | Place    | Note
-------+----------+-------------------------------------------
     0 | D:1      | LisaTheBanana the Minotaur Fighter began the quest for the Orb.
     0 | D:1      | Reached XP level 1. HP: 19/19 MP: 0/0
   254 | D:1      | Reached XP level 2. HP: 27/27 MP: 1/1
   901 | D:2      | Reached XP level 3. HP: 33/33 MP: 2/2
  1088 | D:2      | Reached skill level 3 in Maces & Flails
  1224 | D:2      | Reached XP level 4. HP: 40/41 MP: 3/3
  1570 | D:3      | Found a snail-covered altar of Cheibriados.
  1592 | D:3      | Found a burning altar of Makhleb.
  1599 | D:3      | Reached skill level 1 in Dodging
  1606 | D:3      | Reached skill level 4 in Maces & Flails
  1606 | D:3      | Reached XP level 5. HP: 43/47 MP: 4/4
  1631 | D:3      | Became a worshipper of Makhleb the Destroyer
  1636 | D:3      | Noticed Alannah's ghost (weakling DsMo)
  1658 | D:3      | Killed Alannah's ghost
  1658 | D:3      | Reached skill level 5 in Shields
  2022 | D:3      | Noticed Grinder
  2023 | D:3      | Paralysed by Grinder for 4 turns
  2043 | D:3      | Killed Grinder
  2043 | D:3      | Reached skill level 5 in Maces & Flails
  2043 | D:3      | Reached XP level 6. HP: 40/53 MP: 5/5
  2295 | D:4      | Found an ornate altar of the Wu Jian Council.
  2348 | D:4      | Noticed Dargar's ghost (weakling DrTm)
  2370 | D:4      | Killed Dargar's ghost
  2373 | D:4      | Reached * piety under Makhleb
  2404 | D:4      | Reached skill level 6 in Maces & Flails
  2404 | D:4      | Reached XP level 7. HP: 47/60 MP: 6/6
  2428 | D:4      | Noticed Natasha
  2435 | D:4      | Killed Natasha
  2435 | D:4      | Reached skill level 5 in Armour
  2438 | D:4      | Noticed Pikel
  2444 | D:4      | Noticed Natasha
  2462 | D:4      | Killed Natasha
  2470 | D:4      | Killed Pikel
  2470 | D:4      | Reached skill level 5 in Fighting
  2470 | D:4      | Reached skill level 7 in Maces & Flails
  2470 | D:4      | Reached XP level 8. HP: 42/69 MP: 7/7
  2499 | D:4      | Learned a level 1 spell: Magic Dart
  2649 | D:4      | Noticed Natasha
  2660 | D:4      | Killed Natasha
  2660 | D:4      | Reached skill level 8 in Maces & Flails
  2846 | D:5      | Entered Level 5 of the Dungeon
  2963 | D:5      | Found a stormy altar of Qazlal.
  3250 | D:5      | Found a sand-covered staircase.
  3282 | Ossuary  | Entered an ossuary
  3389 | Ossuary  | Reached ** piety under Makhleb
  3396 | Ossuary  | Reached skill level 9 in Maces & Flails
  3596 | D:5      | Found a sparkling altar of Nemelex Xobeh.
  4436 | D:6      | Found a staircase to the Ecumenical Temple.
  4632 | D:6      | Found a glowing golden altar of the Shining One.
  5106 | D:7      | Reached skill level 10 in Maces & Flails
  5313 | D:7      | Reached XP level 9. HP: 75/75 MP: 8/8
  5464 | D:7      | Reached *** piety under Makhleb
  5663 | D:8      | You fall through a shaft for 2 floors!
  5663 | D:10     | Entered Level 10 of the Dungeon
  5683 | D:10     | Noticed a two-headed ogre
  5703 | D:9      | HP: 2/78 [yak (4)]
  5704 | D:9      | Slain by a yak

Skill      XL: |  1  2  3  4  5  6  7  8 |
---------------+-------------------------+-----
Fighting       | 4 5 6 |  6.4
Shields        | 4 5 6 7 |  7.9
Armour         | 4 5 6 |  6.7
Maces & Flails | 3 4 5 6 7 10 | 10.9
Dodging        | 1 2 |  2.1
Stealth        | |  0.6

Action                   |  1- 3 |  4- 6 |  7- 9 || total
-------------------------+-------+-------+-------++-------
Melee: Flail             |    76 |   169 |    27 ||   272
       Headbutt          |    13 |    30 |    36 ||    79
       Morningstar       |       |       |   236 ||   236
  Use: Scroll            |       |       |    16 ||    16
       Potion            |       |       |     6 ||     6
  Eat: Ration            |       |     2 |     5 ||     7
Armor: Scale mail        |    22 |       |       ||    22
       Ring mail         |    16 |    57 |       ||    73
       Plate armour      |       |    38 |   134 ||   172
Dodge: Dodged            |    30 |    70 |    52 ||   152
Block: Shield            |    39 |   113 |   132 ||   284
